SL
PHOENIX HOTSPUR @ GRAFTON MIDDIES
09/20/2024
 
TOP OF THE 1ST
Phoenix Hotspur batting - Pitching for Grafton Middies : RHP Robbie Baxter
Pitching: RHP Robbie Baxter
Batting: LHB Arthur Ryan 0-0: Foul Ball, location: 2F
0-1: Ball
1-1: Fly out, F7 (Line Drive, 78D)
Batting: LHB Shojiro Ueda 0-0: Foul Ball, location: 2F
0-1: Fly out, F7 (Flyball, 78XD)
Batting: RHB Raúl Robles 0-0: Ball
1-0: Called Strike
1-1: Ball
2-1: Ground out 6-3 (Groundball, 6)
Top of the 1st over - 0 run(s), 0 hit(s), 0 error(s), 0 left on base; Phoenix 0 - Grafton 0
BOTTOM OF THE 1ST
Grafton Middies batting - Pitching for Phoenix Hotspur : RHP Cory Sanders
Pitching: RHP Cory Sanders
Batting: RHB Pedro Santos 0-0: Fly out, F7 (Flyball, 78D)
Batting: SHB Jorge Colomo 0-0: Called Strike
0-1: Called Strike
0-2: Ball
1-2: Reached on error, E4 (Groundball, 4)
Batting: LHB Mario Ramos 0-0: Called Strike
0-1: Foul Ball, location: 2F
0-2: Ground out 5-3 (Groundball, 5S)
Jorge Colomo to second
Batting: RHB Stefano Gaddi 0-0: Ball
1-0: Ball
2-0: Foul Ball, location: 2F
2-1: Foul Ball, location: 2F
2-2: Strikes out swinging
Bottom of the 1st over - 0 run(s), 0 hit(s), 1 error(s), 1 left on base; Phoenix 0 - Grafton 0
TOP OF THE 2ND
Phoenix Hotspur batting - Pitching for Grafton Middies : RHP Robbie Baxter
Batting: RHB Martín Martínez 0-0: Ball
1-0: Ball
2-0: Called Strike
2-1: Fly out, F7 (Line Drive, 78M)
Batting: SHB Roberto López 0-0: Called Strike
0-1: Ball
1-1: Fly out, F6 (Popup, 6MD)
Batting: RHB Randy Rehling 0-0: Ground out 5-3 (Groundball, 5)
Top of the 2nd over - 0 run(s), 0 hit(s), 0 error(s), 0 left on base; Phoenix 0 - Grafton 0
BOTTOM OF THE 2ND
Grafton Middies batting - Pitching for Phoenix Hotspur : RHP Cory Sanders
Batting: RHB Ramón Gómez 0-0: SINGLE (Line Drive, 3)
Batting: LHB Ramón Rivera 0-0: Ground out 5-3 (Groundball, 56S)
Ramón Gómez to second
Batting: RHB Dave Ash 0-0: Ball
1-0: Called Strike
1-1: Ball
2-1: Ball
3-1: Ground out 5-3 (Groundball, 56)
Batting: SHB Jack MacAsgill 0-0: SINGLE (Line Drive, 34)
Ramón Gómez to third
Throwing error, E9
Ramón Gómez scores
Jack MacAsgill to second
Batting: LHB Lawrence Washington 0-0: Fly out, F8 (Flyball, 8LM)
Bottom of the 2nd over - 1 run(s), 2 hit(s), 1 error(s), 1 left on base; Phoenix 0 - Grafton 1
TOP OF THE 3RD
Phoenix Hotspur batting - Pitching for Grafton Middies : RHP Robbie Baxter
Batting: RHB Gabriel Pérez 0-0: Ball
1-0: Foul Ball, location: 2F
1-1: Foul Ball, location: 2F
1-2: Strikes out swinging
Batting: RHB Ángel Rivera 0-0: Ball
1-0: Foul Ball, location: 2F
1-1: Ball
2-1: Called Strike
2-2: Foul Ball, location: 2F
2-2: Strikes out swinging
Batting: RHB Ben Anderson 0-0: Ball
1-0: Foul Ball, location: 2F
1-1: Called Strike
1-2: Foul Ball, location: 2F
1-2: Ball
2-2: Ground out 4-3 (Groundball, 4)
Top of the 3rd over - 0 run(s), 0 hit(s), 0 error(s), 0 left on base; Phoenix 0 - Grafton 1
BOTTOM OF THE 3RD
Grafton Middies batting - Pitching for Phoenix Hotspur : RHP Cory Sanders
Batting: RHB Pedro Santos 0-0: Foul Ball, location: 2F
0-1: Foul Ball, location: 2F
0-2: Ball
1-2: Foul Ball, location: 2F
1-2: Ball
2-2: Fly out, F9 (Line Drive, 9LS)
Batting: SHB Jorge Colomo 0-0: SINGLE (Flyball, 8LM)
Batting: LHB Mario Ramos 0-0: Ball
1-0: Called Strike
1-1: Fly out, F3 (Line Drive, 3S)
1-1: Lined into DP, U3 (Line Drive, 3S)
Bottom of the 3rd over - 0 run(s), 1 hit(s), 0 error(s), 0 left on base; Phoenix 0 - Grafton 1
TOP OF THE 4TH
Phoenix Hotspur batting - Pitching for Grafton Middies : RHP Robbie Baxter
Batting: LHB Arthur Ryan 0-0: Ground out 6-3 (Groundball, 6)
Batting: LHB Shojiro Ueda 0-0: Foul Ball, location: 2F
0-1: Foul Ball, location: 2F
0-2: Fly out, F9 (Flyball, 9S)
Batting: RHB Raúl Robles 0-0: Ball
1-0: Ball
2-0: Ground out 1-3 (Groundball, 15)
Top of the 4th over - 0 run(s), 0 hit(s), 0 error(s), 0 left on base; Phoenix 0 - Grafton 1
BOTTOM OF THE 4TH
Grafton Middies batting - Pitching for Phoenix Hotspur : RHP Cory Sanders
Batting: RHB Stefano Gaddi 0-0: SINGLE (Flyball, 7LS)
Batting: RHB Ramón Gómez 0-0: Called Strike
0-1: Ball
1-1: Swinging Strike
1-2: Ball
2-2: SINGLE (Groundball, 56D)
Stefano Gaddi to second
Batting: LHB Ramón Rivera 0-0: Ball
1-0: Foul Ball, location: 2F
1-1: Foul Ball, location: 2F
1-2: SINGLE (Flyball, 4MD)
Stefano Gaddi to third
Ramón Gómez to second
Batting: RHB Dave Ash 0-0: Foul Ball, location: 2F
0-1: Ball
1-1: Fly out, F8 (Line Drive, 8RS)
Batting: SHB Jack MacAsgill 0-0: Ball
1-0: Foul Ball, location: 2F
1-1: Ball
2-1: Ball
3-1: Swinging Strike
3-2: Foul Ball, location: 2F
3-2: Fly out, F8 (Flyball, 8LXD)
Runner from 3rd tags up, SCORES, no throw
Ramón Gómez to third
Batting: LHB Lawrence Washington 0-0: Fly out, F9 (Line Drive, 9M)
Bottom of the 4th over - 1 run(s), 3 hit(s), 0 error(s), 2 left on base; Phoenix 0 - Grafton 2
TOP OF THE 5TH
Phoenix Hotspur batting - Pitching for Grafton Middies : RHP Robbie Baxter
Batting: RHB Martín Martínez 0-0: Called Strike
0-1: Ball
1-1: Foul Ball, location: 2F
1-2: Fly out, F3 (Popup, 13)
Batting: SHB Roberto López 0-0: Foul Ball, location: 2F
0-1: Foul Ball, location: 2F
0-2: Ball
1-2: SINGLE (Flyball, 8RS)
Batting: RHB Randy Rehling 0-0: Called Strike
0-1: Ball
1-1: Ball
2-1: Foul Ball, location: 2F
2-2: Grounds into double play, 4-6-3 (Groundball, 4)
Top of the 5th over - 0 run(s), 1 hit(s), 0 error(s), 0 left on base; Phoenix 0 - Grafton 2
BOTTOM OF THE 5TH
Grafton Middies batting - Pitching for Phoenix Hotspur : RHP Cory Sanders
Batting: RHB Pedro Santos 0-0: Ball
1-0: Ball
2-0: Called Strike
2-1: SOLO HOME RUN (Flyball, 9D), Distance : 370 ft
Batting: SHB Jorge Colomo 0-0: Ball
1-0: Foul Ball, location: 2F
1-1: Ball
2-1: Called Strike
2-2: Ball
3-2: Foul Ball, location: 2F
3-2: Ground out 4-3 (Groundball, 4)
Batting: LHB Mario Ramos 0-0: Foul Ball, location: 2F
0-1: Swinging Strike
0-2: Ball
1-2: Ground out 5-3 (Groundball, 56)
Batting: RHB Stefano Gaddi 0-0: Ball
1-0: Foul Ball, location: 2F
1-1: Ground out 6-3 (Groundball, 6)
Bottom of the 5th over - 1 run(s), 1 hit(s), 0 error(s), 0 left on base; Phoenix 0 - Grafton 3
TOP OF THE 6TH
Phoenix Hotspur batting - Pitching for Grafton Middies : RHP Robbie Baxter
Batting: RHB Gabriel Pérez 0-0: Swinging Strike
0-1: SINGLE (Groundball, 6MD)
Batting: RHB Ángel Rivera 0-0: SINGLE (Groundball, 56D)
Gabriel Pérez to second
Batting: RHB Ben Anderson 0-0: Called Strike
0-1: Foul Ball, location: 2F
0-2: Ball
1-2: Ball
2-2: Strikes out swinging
Batting: LHB Arthur Ryan 0-0: Foul Ball, location: 2F
0-1: Foul Ball, location: 2F
0-2: Strikes out swinging
Batting: LHB Shojiro Ueda 0-0: Called Strike
0-1: Foul Ball, location: 2F
0-2: Strikes out looking
Top of the 6th over - 0 run(s), 2 hit(s), 0 error(s), 2 left on base; Phoenix 0 - Grafton 3
BOTTOM OF THE 6TH
Grafton Middies batting - Pitching for Phoenix Hotspur : RHP Cory Sanders
Batting: RHB Ramón Gómez 0-0: Called Strike
0-1: Swinging Strike
0-2: Foul Ball, location: 2F
0-2: Ball
1-2: Ball
2-2: Ground out 6-3 (Groundball, 6)
Pitching: LHP Edgar Capello
Batting: LHB Ramón Rivera 0-0: Ball
1-0: Swinging Strike
1-1: Foul Ball, location: 2F
1-2: Ball
2-2: Strikes out looking
Batting: RHB Dave Ash 0-0: Ball
1-0: Ball
2-0: Ball
3-0: Base on Balls
Batting: SHB Jack MacAsgill 0-0: Ball
Dave Ash steals 2nd base
1-0: Ball
2-0: Called Strike
2-1: Ball
3-1: Called Strike
3-2: SINGLE (Line Drive, 89M)
Dave Ash to third
Dave Ash scores
Batting: LHB Lawrence Washington 0-0: Swinging Strike
0-1: Ball
1-1: Ball
2-1: Ground out U3 (Groundball, 3L)
Bottom of the 6th over - 1 run(s), 1 hit(s), 0 error(s), 1 left on base; Phoenix 0 - Grafton 4
TOP OF THE 7TH
Phoenix Hotspur batting - Pitching for Grafton Middies : RHP Robbie Baxter
Batting: RHB Raúl Robles 0-0: SINGLE (Line Drive, 89S)
Batting: RHB Martín Martínez 0-0: Foul Ball, location: 2F
0-1: Ball
Wild Pitch!
Raúl Robles to second
1-1: Swinging Strike
1-2: Strikes out swinging
Batting: SHB Roberto López 0-0: SINGLE (Groundball, 34D)
Raúl Robles to third
Runner from 3rd tries for Home, SAFE, throw made home
Roberto López to second
Batting: RHB Randy Rehling 0-0: Called Strike
0-1: Called Strike
0-2: Hit by Pitch
Batting: RHB Gabriel Pérez 0-0: SINGLE (Groundball, 56D)
Roberto López to third
Randy Rehling to second
Runner from 3rd tries for Home, SAFE, no throw or cutoff
Batting: RHB Ángel Rivera 0-0: Foul Ball, location: 2F
0-1: Swinging Strike
0-2: Strikes out swinging
Batting: RHB Ben Anderson 0-0: Called Strike
0-1: Foul Ball, location: 2F
0-2: Foul Ball, location: 2F
0-2: Fly out, F8 (Flyball, 8LM)
Top of the 7th over - 2 run(s), 3 hit(s), 0 error(s), 2 left on base; Phoenix 2 - Grafton 4
BOTTOM OF THE 7TH
Grafton Middies batting - Pitching for Phoenix Hotspur : LHP Edgar Capello
Batting: RHB Pedro Santos 0-0: Ball
1-0: Ball
2-0: Foul Ball, location: 2F
2-1: Foul Ball, location: 2F
2-2: Foul Ball, location: 2F
2-2: SINGLE (Line Drive, 56)
Batting: SHB Jorge Colomo 0-0: Sac Bunt - play at second, runner OUT! 1-6
Batting: LHB Mario Ramos 0-0: Called Strike
0-1: Fielders Choice at 2nd, 3-6 (Groundball, 3)
Batting: RHB Stefano Gaddi 0-0: Ball
1-0: Called Strike
1-1: Fielders Choice at 2nd, 6-4 (Groundball, 6)
Bottom of the 7th over - 0 run(s), 1 hit(s), 0 error(s), 0 left on base; Phoenix 2 - Grafton 4
TOP OF THE 8TH
Phoenix Hotspur batting - Pitching for Grafton Middies : RHP Robbie Baxter
Batting: LHB Arthur Ryan 0-0: Swinging Strike
0-1: Foul Ball, location: 2F
0-2: Strikes out looking
Batting: LHB Shojiro Ueda 0-0: Ball
1-0: Swinging Strike
1-1: Swinging Strike
1-2: Strikes out swinging
Batting: RHB Raúl Robles 0-0: Called Strike
0-1: Called Strike
0-2: Ball
1-2: Fly out, F2 (Popup, 23F)
Top of the 8th over - 0 run(s), 0 hit(s), 0 error(s), 0 left on base; Phoenix 2 - Grafton 4
BOTTOM OF THE 8TH
Grafton Middies batting - Pitching for Phoenix Hotspur : LHP Edgar Capello
Batting: RHB Ramón Gómez 0-0: Ball
1-0: Called Strike
1-1: Called Strike
1-2: Foul Ball, location: 2F
1-2: Strikes out swinging
Batting: LHB Ramón Rivera 0-0: Ball
1-0: Called Strike
1-1: Ball
2-1: Foul Ball, location: 2F
2-2: Ball
3-2: Foul Ball, location: 2F
3-2: Base on Balls
Batting: RHB Dave Ash 0-0: Called Strike
0-1: Fielders Choice at 2nd, 5-4 (Groundball, 5)
Batting: SHB Jack MacAsgill 0-0: Ball
1-0: Called Strike
Dave Ash steals 2nd base
1-1: Ball
2-1: Called Strike
2-2: Foul Ball, location: 2F
2-2: Ball
3-2: Foul Ball, location: 2F
3-2: Base on Balls
Pinch Hitting: RHB Wes Bradley 0-0: Called Strike
0-1: Ball
1-1: Foul Ball, location: 2F
1-2: Foul Ball, location: 2F
1-2: Fly out, F8 (Line Drive, 8LXD)
Bottom of the 8th over - 0 run(s), 0 hit(s), 0 error(s), 2 left on base; Phoenix 2 - Grafton 4
TOP OF THE 9TH
Phoenix Hotspur batting - Pitching for Grafton Middies : RHP Robbie Baxter
Now at SS: Wes Bradley
Batting: RHB Martín Martínez 0-0: Swinging Strike
0-1: Ball
1-1: Fly out, F8 (Line Drive, 8LM)
Batting: SHB Roberto López 0-0: Swinging Strike
0-1: Ball
1-1: Ball
2-1: Foul Ball, location: 2F
2-2: Foul Ball, location: 2F
2-2: Ball
3-2: Foul Ball, location: 2F
3-2: Strikes out swinging
Batting: RHB Randy Rehling 0-0: Called Strike
0-1: Called Strike
0-2: Strikes out looking
Top of the 9th over - 0 run(s), 0 hit(s), 0 error(s), 0 left on base; Phoenix 2 - Grafton 4
This league is powered by Out of the Park Baseball, the baseball management simulation game for PC, Mac and Linux
Monday, October 3rd, 2016 - OOTP Baseball 16.9 Build 39